 Dungeon Crawl Stone Soup version 0.25.1-2-g60ff931df9 (webtiles) character file.

Game seed: 10266924277761027735

48 DildoBatman the Magician (level 4, 0/30 HPs)
             Began as a Formicid Wizard on Aug 19, 2020.
             Slain by a jackal (1 damage)
             ... on level 2 of the Dungeon.
             The game lasted 00:02:33 (1411 turns).

DildoBatman the Magician (Formicid Wizard)          Turns: 1411, Time: 00:02:34

Health: 0/30       AC:  3    Str: 12    XL:     4   Next: 0%
Magic:  8/8        EV: 12    Int: 18    God:
Gold:   112        SH:  0    Dex:  9    Spells: 2/9 levels left

rFire    . . .     SeeInvis +   e - +0 club
rCold    . . .     Gourm    .   (no shield)
rNeg     + . .     Faith    .   a - +0 robe
rPois    .         Spirit   .   (helmet unavailable)
rElec    .         Reflect  .   (no cloak)
rCorr    .         Harm     .   (no gloves)
MR       .....                  d - +0 pair of boots
Stlth    ++........             (no amulet)
HPRegen  0.10/turn              n - ring of positive energy
MPRegen  0.11/turn              (no ring)

@: lethally poisoned (0 -> -6)
A: permanent stasis, dig shafts and tunnels, four strong arms, antennae 3
a: Dig, Shaft Self


You were on level 2 of the Dungeon.
You were not hungry.

You visited 1 branch of the dungeon, and saw 2 of its levels.

You collected 112 gold pieces.

Inventory:

Hand Weapons
 e - a +0 club (weapon)
Missiles
 b - 13 poisoned darts (quivered)
 i - 58 stones
Armour
 a - a +0 robe (worn)
 d - a +0 pair of boots (worn)
Jewellery
 n - a ring of positive energy (left hand)
Wands
 c - a wand of random effects (19)
Scrolls
 f - a scroll of fear {unknown}
 g - 4 scrolls of blinking {unknown}
 m - 3 scrolls of amnesia {unknown}
Potions
 h - a potion of curing {unknown}
 j - 2 potions of heal wounds {unknown}
 k - a potion of invisibility {unknown}
 l - a potion of brilliance {unknown}
Comestibles
 v - 3 rations


   Skills:
 - Level 1.7 Dodging
 - Level 2.4 Stealth
 - Level 3.2 Spellcasting
 * Level 3.1 Conjurations
   Level 1.0 Summonings
   Level 0.8 Translocations


You had 2 spell levels left.
You knew the following spells:

 Your Spells              Type           Power        Failure   Level  Hunger
a - Conjure Flame         Conj/Fire      #.......     26%         3    ###....
c - Magic Dart            Conj           ##..         4%          1    None
e - Mephitic Cloud        Conj/Pois/Air  #.......     30%         3    ###....

Your spell library contained the following spells:

 Spells                   Type           Power        Failure   Level  Hunger
 Call Imp                 Summ           #.......     16%         2    ##.....
 Slow                     Hex            #.......     24%         2    ##.....
 Blink                    Tloc           Unusable     N/A         2    N/A

Dungeon Overview and Level Annotations

Branches:
Dungeon (2/15)

Altars:
Ru


Innate Abilities, Weirdness & Mutations

You cannot be hasted, slowed, berserked, paralysed or teleported.
You can dig through walls and to a lower floor.
Your four strong arms can wield two-handed weapons with a shield.
You have a pair of large antennae on your head. (SInv)


Message History

Orders for allies: a - Attack new target. r - Retreat! s - Stop attacking. g - Guard the area. f - Follow me.
Anything else - Cancel.
You shout for attention!
You feel sick. The adder closely misses you.
The jackal bites you but does no damage.
The orc wizard hits you with a +0 dagger.
The dart slug closely misses you. The adder barely misses you.
What are your orders? t - Shout!
Orders for allies: a - Attack new target. r - Retreat! s - Stop attacking. g - Guard the area. f - Follow me.
Anything else - Cancel.
You shout for attention!
The jackal bites you.
You die...

#.### ####...### #........
#..#....# .# ..#..#.##.#
####+.#.....#.#
#..S#.#.......# #..#
#..o@w........# ##..#
......h####.[...## ....#
##._.## ###....## .#..# ....
#....#.## .#..# #.#... {
#.####†# .#..# #.#.. #.# #.#
. .#..###.+#######+.# #.# ..
)#)..........#....####.###.#
..........###..............#


You could see an orc wizard (mute), an adder (corona), a dart slug and a jackal
(slow).

Vanquished Creatures
  2 oozes
  4 dart slugs
  A leopard gecko (D:2)
  5 bats
  3 goblins
  2 hobgoblins
  5 jackals (D:1)
  3 frilled lizards
  2 kobolds (D:1)
  2 rats
29 creatures vanquished.

Notes
Turn   | Place    | Note
-------+----------+-------------------------------------------
     0 | D:1      | DildoBatman the Formicid Wizard began the quest for the
                  | Orb.
     0 | D:1      | Reached XP level 1. HP: 13/13 MP: 4/4
    11 | D:1      | Reached skill level 1 in Conjurations
   124 | D:1      | Reached XP level 2. HP: 19/19 MP: 3/6
   507 | D:1      | Reached XP level 3. HP: 24/24 MP: 5/7
   512 | D:1      | Learned a level 3 spell: Conjure Flame
   516 | D:1      | Learned a level 3 spell: Mephitic Cloud
  1376 | D:2      | Reached XP level 4. HP: 30/30 MP: 6/8
  1400 | D:2      | Found a sacrificial altar of Ru.
  1410 | D:2      | HP: 1/30 [orc wizard/+0 dagger (2)]
  1411 | D:2      | Slain by a jackal

Illustrated notes

Levels and vault maps discovered:
D:1:      eino_arrival_water_star, layout_loops_ring, kennysheep_crisscross
D:2:      layout_loops_ring, chequers_temple_overflow_statue_of_worship,
          st_stairs_3, nicolae_ru_great_annihilating_truth

Skill      XL: |  1  2  3 |
---------------+----------+-----
Conjurations   | 1 2 3 |  3.1
Dodging        | |  1.7
Stealth        | |  2.4
Spellcasting   | |  3.2
Summonings     | |  1.0
Translocations | |  0.8

Action                   |  1- 3 |  4- 6 || total
-------------------------+-------+-------++-------
Melee: Club              |    10 |       ||    10
Throw: Dart              |     2 |       ||     2
 Cast: Magic Dart        |    77 |     1 ||    78
 Abil: Dig               |       |     2 ||     2
  Eat: Chunk             |     1 |       ||     1
Armor: Robe              |     7 |     7 ||    14
Dodge: Dodged            |     9 |    17 ||    26
